 Dungeon Crawl Stone Soup version 0.28.0-53-g5a82cb258f (console) character file.

Game seed: 12848859286780284936

1 erker the Sneak (level 1, 1/10 HPs)
             Began as a Vampire Enchanter on June 19, 2022.
             Quit the game on level 1 of the Dungeon.
             The game lasted 00:01:33 (39 turns).

erker the Sneak (Vampire Enchanter)                   Turns: 39, Time: 00:01:33

Health: 1/10       AC:  2    Str:  7    XL:     1   Next: 16%
Magic:  3/3        EV: 12    Int: 17    God:
Gold:   0          SH:  0    Dex: 14    Spells: 4/4 levels left

rFire   . . .      SeeInvis +   a - +1 dagger
rCold   + + .      Faith    .   (no shield)
rNeg    + + +      Spirit   .   b - +0 robe
rPois   ∞          Reflect  .   (no helmet)
rElec   .          Harm     .   (no cloak)
rCorr   .          Rampage  .   (no gloves)
Will    .....                   (no boots)
Stlth   +++++.....              (no amulet)
HPRegen 0.00/turn               (no ring)
MPRegen 0.08/turn               (no ring)

@: bloodless, inhibited regen
A: bloodless, fangs 3, see invisible, vampiric 1
a: Revivify


You were on level 1 of the Dungeon.
You visited 1 branch of the dungeon, and saw 1 of its levels.

Inventory:

Hand Weapons
 a - a +1 dagger (weapon)
Armour
 b - a +0 robe (worn)
Potions
 c - a potion of invisibility


   Skills:
 - Level 1.1 Short Blades
 - Level 2.1 Dodging
 + Level 4.6 Stealth
 - Level 2.0 Spellcasting
 - Level 4.4 Hexes


You had 4 spell levels left.
You didn't know any spells.
Your spell library contained the following spells:

 Spells                   Type           Power      Damage    Failure   Level
 Confusing Touch          Hex            16%        N/A       10%         3
 Tukima's Dance           Hex            16%        N/A       10%         3
 Ensorcelled Hibernation  Hex/Ice        18%        N/A       12%         2
 Dazzling Flash           Conj/Hex       18%        N/A       24%         3


Dungeon Overview and Level Annotations

Branches:
Dungeon (1/15)

Altars:


Innate Abilities, Weirdness & Mutations

You do not regenerate when monsters are visible.
You are frail without blood (-20% HP).
You can heal yourself when you bite living creatures.
You are immune to poison.
You have razor-sharp teeth.
You have supernaturally acute eyesight. (SInv)
You are afflicted with vampirism.


Message History

The jackal barks!
You hit the jackal but do no damage. The jackal misses you.
The bat closely misses you.
You hit the jackal but do no damage. You bite the jackal.
You draw the jackal's blood!
You feel better.
The jackal is severely wounded.
The bat hits you. The jackal misses you.
The jackal bites you but does no damage.
You barely miss the jackal.
The jackal is severely wounded.
The bat closely misses you. The jackal misses you.
You barely miss the jackal.
The jackal is severely wounded.
The bat hits you but does no damage. The jackal closely misses you.
A jackal comes into view.
The bat hits you but does no damage. The jackal bites you.
The jackal barely misses you. The bat hits you.
* * * LOW HITPOINT WARNING * * *
The jackal bites you but does no damage.
The bat hits you but does no damage.
The jackal bites you but does no damage.
The bat misses you. The bat hits you.
* * * LOW HITPOINT WARNING * * *
The bat closely misses you. The jackal barely misses you. The bat hits you.
* * * LOW HITPOINT WARNING * * *
The jackal bites you but does no damage.
You hit the jackal.
You kill the jackal!
The bat hits you but does no damage.
You aren't carrying any items that you can evoke.
Unknown command.
Unknown command.
Unknown command.
Unknown command.
A dart slug comes into view.
You barely miss the jackal. The jackal barely misses you.
Are you sure you want to abandon this character and quit the game? (Confirm with "yes".)

#####...... ...........#
...........#
...........###
............w
...........#######
...........hh@...##.### #
............###........
.b
#####..#######.#######..#
#...h####...####....#
##.....#..≈h.#.....#
#8..h.†..≈....≈w.8#
##...≈..≈≈≈..≈...##
#.....≈≈≈≈≈≈≈.....#
#....≈≈≈≈...≈≈≈≈....#


You could see 2 jackals.

Vanquished Creatures
  A jackal (D:1)
1 creature vanquished.

Notes
Turn   | Place    | Note
-------+----------+-------------------------------------------
     0 | D:1      | erker the Vampire Enchanter began the quest for the Orb.
     0 | D:1      | Reached XP level 1. HP: 13/13 MP: 3/3
    39 | D:1      | Quit the game

Illustrated notes

Levels and vault maps discovered:
D:1:      eino_arrival_water_star, layout_basic, serial_shops,
          nicolae_shop_waterfront

Action                   || total
-------------------------++-------
Melee: Dagger            ||     8
       Bite              ||     1
 Abil: Exsanguinate      ||     1
Armor: Robe              ||     8
Dodge: Dodged            ||    12
